 Dungeon Crawl Stone Soup version 0.29.0-4-gdea44cf6ec (webtiles) character file.

Game seed: 15085256555737938694

60 qw the Ruffian (level 4, -1/35 HPs)
             Began as a Ghoul Fire Elementalist on Aug 29, 2022.
             Slain by a gnoll
             ... wielding a +0 flail
              (6 damage)
             ... on level 3 of the Dungeon.
             The game lasted 00:02:05 (2516 turns).

qw the Ruffian (Ghoul Fire Elementalist)            Turns: 2516, Time: 00:02:06

Health: -1/35      AC:  6    Str: 13    XL:     4   Next: 6%
Magic:  5/5        EV: 10    Int: 10    God:
Gold:   131        SH:  0    Dex:  9    Spells: 5/6 levels left

rFire   . . .      SeeInvis .     - Unarmed
rCold   + . .      Faith    .   (no shield)
rNeg    + + +      Spirit   .   g - +0 ring mail
rPois   inf        Reflect  .   (no helmet)
rElec   .          Harm     .   (no cloak)
rCorr   .          Rampage  .   f - +0 pair of gloves
Will    .....                   (no boots)
Stlth   +.........              e - amulet of the acrobat
HPRegen 0.00/turn               (no ring)
MPRegen 0.09/turn               (no ring)

@: about to teleport, inhibited regen
A: claws 1, cold resistance 1, negative energy resistance 3, inhibited
regeneration, torment resistance 2, devour on kill
a: no special abilities


You were on level 3 of the Dungeon.
You visited 1 branch of the dungeon, and saw 3 of its levels.

You collected 131 gold pieces.


Innate Abilities, Weirdness & Mutations

You are immune to poison.
You have sharp fingernails.
Your flesh is cold resistant. (rC+)
You are immune to negative energy. (rN+++)
You do not regenerate when monsters are visible.
You are immune to unholy pain and torment.
You thrive by killing the living.


   Skills:
 - Level 1.0 Fighting
 - Level 1.7 Dodging
 - Level 2.1 Stealth
 + Level 3.6 Unarmed Combat
 - Level 1.7 Spellcasting
 - Level 0.7 Conjurations
 - Level 2.4 Fire Magic


You had 5 spell levels left.
You knew the following spells:

 Your Spells              Type           Power      Damage    Failure   Level
a - Foxfire               Conj/Fire      16%        2x1d4     36%         1

Your spell library contained the following spells:

 Spells                   Type           Power      Damage    Failure   Level
 Scorch                   Fire           10%        2d5       36%         2
 Conjure Flame            Conj/Fire      4%         6-21      73%         3
 Inner Flame              Hex/Fire       3%         N/A       78%         3
 Flame Wave               Conj/Fire      4%         2d5       98%         4

Inventory:

Missiles
 m - 2 silver javelins (quivered)
Armour
 f - a +0 pair of gloves (worn)
 g - a +0 ring mail (worn)
 n - a +0 kite shield
Jewellery
 e - an amulet of the acrobat (around neck)
Scrolls
 a - 2 scrolls of brand weapon
 c - a scroll of vulnerability {unknown}
 j - a scroll of enchant armour {unknown}
 o - a scroll of butterflies {unknown}
Potions
 b - a potion of degeneration {unknown}
 h - a potion of heal wounds {unknown}
 i - a potion of attraction {unknown}
 k - a potion of lignification {unknown}
 l - a potion of resistance {unknown}

Dungeon Overview and Level Annotations

Branches:
Dungeon (3/15)

Altars:
Hepliaklqana

Shops:
D:1 (

Portals:
Sewer: D:3


Message History

Enter note: Throw: 2 javelins (silver)
Press: ? - help, Q - select action Shift-Dir - straight line, f - rat You throw a silver javelin.
The silver javelin pierces through the rat.
You kill the rat!
m - 2 silver javelins (gained 1)
You see here a rat corpse.
You open the door. 2 gnolls come into view.
The gnoll shouts!
Found 3 gold pieces.
Found a stone staircase leading up.
Enter note: 2 gnolls come into view.
The gnoll shouts!
The gnoll moves out of view.
There is an open door here.
A bat comes into view.
The gnoll misses you.
The bat moves out of view.
You see here 3 gold pieces.
The gnoll misses you. The gnoll barely misses you.
Enter note: You hit the gnoll but do no damage.
The gnoll hits you but does no damage. The gnoll hits you with a +0 spear.
You barely miss the gnoll. The gnoll hits you with a +0 flail.
The gnoll closely misses you. The gnoll hits you with a +0 spear.
You hit the gnoll but do no damage. The gnoll barely misses you.
The gnoll hits you with a +0 flail. The gnoll hits you with a +0 spear.
You barely miss the gnoll. The gnoll hits you with a +0 flail.
The gnoll hits you with a +0 spear. The gnoll hits you but does no damage.
You hit the gnoll but do no damage. The gnoll hits you with a +0 flail.
The gnoll hits you with a +0 spear. x2
2516 ||| READING scroll of teleportation.
As you read the scroll of teleportation, it crumbles to dust.
You feel strangely unstable. The gnoll hits you with a +0 flail.
You die...

.. #.#..... ####. #.....
.... ###.## ##... #.
...<### #. ####..... #.#
.......g#############.#
.....bggg.............##
#@# #......P.... #$#
#.P.........
###'#####....P..P...
#..........¤..P.....
#.........P.P¤¤PP...
#%..........¤PP¤P...
#.......#.#.#¤P....#
#.......##..P...PP.#
#.......#........P.#


You could see 4 gnolls and a bat.

Vanquished Creatures
  2 adders (D:2)
  A worm (D:3)
  A dart slug (D:1)
  An orc (D:3)
  4 endoplasms
  3 giant cockroaches
  2 goblins
  5 hobgoblins
  3 jackals (D:1)
  2 ball pythons
  3 frilled lizards
  3 kobolds
  6 rats
36 creatures vanquished.

Notes
Turn   | Place    | Note
-------+----------+-------------------------------------------
     0 | D:1      | qw the Ghoul Fire Elementalist began the quest for the Orb.
     0 | D:1      | Reached XP level 1. HP: 14/14 MP: 2/2
     0 | D:1      | 0 ||| qw: Version: 0.1-a-90-g952f4b7
     0 | D:1      | 0 ||| qw: Game counter: 3980
     0 | D:1      | 0 ||| qw: Always use a shield: true
     0 | D:1      | 0 ||| qw: God list: Okawaru
     0 | D:1      | 0 ||| qw: Allow faded altars: false
     0 | D:1      | 0 ||| qw: Do Orc after D:15 true
     0 | D:1      | 0 ||| qw: Do second Lair branch before Depths: true
     0 | D:1      | 0 ||| qw: Lair rune preference: random
     0 | D:1      | 0 ||| qw: Plans: Normal
     0 | D:1      | 0 ||| PLANNING D:1-11
     2 | D:1      | Noticed an ogre
     4 | D:1      | Noticed a demigod
     4 | D:1      | Noticed a human
     6 | D:1      | Noticed a formicid
     6 | D:1      | Noticed an elf
     8 | D:1      | Noticed a meteoran
     8 | D:1      | Noticed a demonspawn
    10 | D:1      | Noticed a minotaur
    10 | D:1      | Noticed a naga
    12 | D:1      | Noticed a tengu
    12 | D:1      | Noticed a ghoul
    14 | D:1      | Noticed an octopode
    16 | D:1      | Noticed a draconian
    16 | D:1      | Noticed a palentonga
    18 | D:1      | Noticed a spriggan
    18 | D:1      | Noticed a merfolk
    20 | D:1      | Noticed a vampire
    22 | D:1      | Noticed a troll
    22 | D:1      | Noticed a vine stalker
    24 | D:1      | Noticed a formicid
    24 | D:1      | Noticed a gargoyle
    26 | D:1      | Noticed a demonspawn
    26 | D:1      | Noticed a felid
   136 | D:1      | Reached skill level 1 in Unarmed Combat
   147 | D:1      | Reached XP level 2. HP: 22/22 MP: 3/3
   163 | D:1      | 163 ||| Stepping ~*~*~tactically~*~*~ (stealth).
   165 | D:1      | 165 ||| Stepping ~*~*~tactically~*~*~ (stealth).
   167 | D:1      | 167 ||| Stepping ~*~*~tactically~*~*~ (stealth).
   197 | D:1      | 197 ||| Stepping ~*~*~tactically~*~*~ (stealth).
   223 | D:1      | Found Jamud's Weapon Boutique.
   369 | D:1      | Reached skill level 1 in Fighting
   693 | D:1      | 693 ||| Stepping ~*~*~tactically~*~*~ (stealth).
   694 | D:1      | 694 ||| Stepping ~*~*~tactically~*~*~ (stealth).
   782 | D:1      | 782 ||| UPGRADING to +0 pair of gloves.
   787 | D:1      | 787 ||| UPGRADING to +0 ring mail.
   797 | D:1      | 797 ||| DROPPING +0 robe.
   798 | D:1      | 798 ||| UPGRADING to amulet of the acrobat.
   803 | D:1      | 803 ||| READING 2 scrolls labelled CAVIAN UTEACWE.
   806 | D:1      | 806 ||| READING scroll labelled YRRIDA ZITAOH.
   807 | D:1      | 807 ||| READING scroll labelled MEHIUFFYA DYAXT.
   808 | D:1      | 808 ||| READING 3 scrolls labelled ILUW OFAFUDDUCW.
   809 | D:1      | 809 ||| DROPPING potion of magic.
   826 | D:2      | Reached skill level 2 in Unarmed Combat
   826 | D:2      | 826 ||| STAIRDANCE
   937 | D:2      | Reached XP level 3. HP: 19/28 MP: 4/4
  1187 | D:2      | 1187 ||| Stepping ~*~*~tactically~*~*~ (stealth).
  1188 | D:2      | 1188 ||| Stepping ~*~*~tactically~*~*~ (stealth).
  1190 | D:2      | 1190 ||| Stepping ~*~*~tactically~*~*~ (stealth).
  1191 | D:2      | 1191 ||| Stepping ~*~*~tactically~*~*~ (stealth).
  1192 | D:2      | 1192 ||| Stepping ~*~*~tactically~*~*~ (stealth).
  1194 | D:2      | 1194 ||| Stepping ~*~*~tactically~*~*~ (stealth).
  1195 | D:2      | 1195 ||| Stepping ~*~*~tactically~*~*~ (stealth).
  1196 | D:2      | 1196 ||| Stepping ~*~*~tactically~*~*~ (stealth).
  1423 | D:2      | 1423 ||| Stepping ~*~*~tactically~*~*~ (stealth).
  1443 | D:2      | Reached skill level 3 in Unarmed Combat
  2036 | D:2      | 2036 ||| READING scroll labelled MOTICL TUNY.
  2037 | D:2      | 2037 ||| READING scroll labelled TECE GAPEFF.
  2038 | D:2      | 2038 ||| DRINKING 2 grey potions.
  2039 | D:2      | 2039 ||| DROPPING potion of berserk rage.
  2063 | D:3      | 2063 ||| PLANNING SEWER
  2102 | D:3      | Found a glowing drain.
  2103 | D:3      | 2103 ||| DRINKING 2 orange potions.
  2104 | D:3      | 2104 ||| DROPPING potion of brilliance.
  2316 | D:3      | 2316 ||| Stepping ~*~*~tactically~*~*~ (stealth).
  2343 | D:3      | Reached XP level 4. HP: 20/35 MP: 5/5
  2480 | D:3      | Found a hazy altar of Hepliaklqana.
  2515 | D:3      | HP: 7/35 [gnoll/+0 flail (6)]
  2516 | D:3      | 2516 ||| READING scroll of teleportation.
  2516 | D:3      | Slain by a gnoll

Levels and vault maps discovered:
D:1:      kb_arrival_jail, layout_basic, serial_shops, shop
D:2:      layout_basic, serial_park_tiny_2, minmay_crystal_room, st_stairs_11,
          hex_intersection
D:3:      layout_basic, nicolae_hepliaklqana_hazy_memory, portal_sewer_entry_c,
          uniq_jessica

Skill      XL: |  1  2  3 |
---------------+----------+-----
Unarmed Combat | 1 2 3 |  3.6
Fighting       | 1 |  1.0
Dodging        | |  1.7
Stealth        | |  2.1
Spellcasting   | |  1.7
Conjurations   | |  0.7
Fire Magic     | |  2.4

Action                   |  1- 3 |  4- 6 || total
-------------------------+-------+-------++-------
Melee: Unarmed           |   196 |     7 ||   203
       Punch             |     2 |       ||     2
Throw: Javelin           |     2 |     1 ||     3
  Use: Scroll            |     6 |     1 ||     7
       Potion            |     2 |       ||     2
Armor: Robe              |    12 |       ||    12
       Ring mail         |    36 |     3 ||    39
Dodge: Dodged            |   111 |     6 ||   117

Table legend:
 A = Non-vault XP
 B = Vault XP
 C = Vault XP percentage of total XP
 D = Non-vault monster count
 E = Vault monster count
 F = Vault count percentage of total count
                 A         B        C        D         E       F
            +---------+---------+-------+---------+---------+-------
      Total |      82 |       5 |   5.7 |      33 |       3 |   8.3
            +---------+---------+-------+---------+---------+-------
        D:1 |      23 |       0 |   0.0 |      13 |       0 |   0.0
        D:2 |      46 |       5 |   9.8 |      15 |       3 |  16.7
        D:3 |      13 |       0 |   0.0 |       5 |       0 |   0.0
            +---------+---------+-------+---------+---------+-------
